 Dungeon Crawl Stone Soup version 0.29.1-12-g30fa7ad0bf (webtiles) character file.

Game seed: 13906667824510200620

32 DemonSlayer the Digger (level 3, -2/24 HPs)
             Began as a Demonspawn Earth Elementalist on Dec 27, 2022.
             Slain by Terence
             ... wielding a +2 falchion of protection
              (5 damage)
             ... on level 2 of the Dungeon.
             The game lasted 00:04:45 (1629 turns).

DemonSlayer the Digger (DsEE)                       Turns: 1629, Time: 00:04:46

Health: -2/24      AC:  3    Str:  7    XL:     3   Next: 8%
Magic:  3/6        EV: 12    Int: 22    God:
Gold:   88         SH:  0    Dex: 12    Spells: 6/7 levels left

rFire   . . .      SeeInvis .   g - +1 dagger
rCold   . . .      Faith    .   (no shield)
rNeg    . . .      Spirit   .   a - +0 robe
rPois   .          Reflect  .   (helmet restricted)
rElec   .          Harm     .   f - +0 cloak
rCorr   .          Rampage  .   (no gloves)
Will    .....                   (no boots)
Stlth   ++........              (no amulet)
HPRegen 0.08/turn               (no ring)
MPRegen 0.10/turn               (no ring)

@: brilliant
A: antennae 1, hooves 1, clever 1
a: no special abilities


You were on level 2 of the Dungeon.
You visited 1 branch of the dungeon, and saw 2 of its levels.

You collected 101 gold pieces.
You spent 13 gold pieces at shops.

Inventory:

Hand Weapons
 g - a +1 dagger (weapon)
Armour
 a - a +0 robe (worn)
 f - a +0 cloak (worn)
Jewellery
 l - an amulet of regeneration
Scrolls
 d - a scroll of amnesia
Potions
 m - a potion of magic


   Skills:
 + Level 2.0 Dodging
 + Level 2.1 Stealth
 + Level 0.1 Unarmed Combat
 + Level 2.5 Spellcasting
 + Level 0.8 Transmutations
 + Level 3.1 Earth Magic


You had 6 spell levels left.
You knew the following spells:

 Your Spells              Type           Power      Damage    Failure   Level
a - Sandblast             Erth           48%        2d12      3%          1

Your spell library contained the following spells:

 Spells                   Type           Power      Damage    Failure   Level
 Passwall                 Tmut/Erth      14%        N/A       9%          2
 Stone Arrow              Conj/Erth      28%        3d8       21%         3
 Gell's Gravitas          Tloc           4%         N/A       36%         3
 Lesser Beckoning         Tloc           4%         N/A       36%         3
 Teleport Other           Tloc           4%         N/A       36%         3
 Petrify                  Tmut/Erth      17%        N/A       50%         4


Dungeon Overview and Level Annotations

Branches:
Dungeon (2/15)

Altars:

Shops:
D:1 (:![

Annotations:
D:2 Terence


Innate Abilities, Weirdness & Mutations

You have a pair of small antennae on your head.
You have large cloven feet.
Your mind is acute. (Int +4, Str/Dex -1)


Message History

It was a potion of cancellation.
You feel magically purged.
Terence hits you with a +2 falchion of protection.
It was a potion of brilliance.
You feel clever all of a sudden.
Terence hits you with a +2 falchion of protection.
You feel better. Terence misses you. Terence attacks as you move away!
Terence misses you. Terence attacks as you move away!
Terence hits you with a +2 falchion of protection!
* * * LOW HITPOINT WARNING * * *
Okay, then.
You feel better. Terence barely misses you.
Casting: Sandblast (safe; 3% risk of failure)
Confirm with . or Enter, or press ? or * to list all spells.
Aiming: Sandblast (safe; 3% risk of failure)
Press: ? - help, Shift-Dir - straight line, f/p - Terence
Aim: Terence, wielding a +2 falchion of protection and wearing a +0 chain mail (lightly wounded, 87% to hit)
You feel a surge of power!
The blast of sand hits Terence but does no damage.
Terence is lightly wounded.
Terence closely misses you.
Terence hits you with a +2 falchion of protection.
Casting: Sandblast (safe; 3% risk of failure)
Confirm with . or Enter, or press ? or * to list all spells.
Aiming: Sandblast (safe; 3% risk of failure)
Press: ? - help, Shift-Dir - straight line, f/p - Terence
Aim: Terence, wielding a +2 falchion of protection and wearing a +0 chain mail (lightly wounded, 87% to hit)
You feel a surge of power!
The blast of sand misses Terence.
Terence closely misses you.
Unknown command.
Casting: Sandblast (safe; 3% risk of failure)
Confirm with . or Enter, or press ? or * to list all spells.
Aiming: Sandblast (safe; 3% risk of failure)
Press: ? - help, Shift-Dir - straight line, f/p - Terence
Aim: Terence, wielding a +2 falchion of protection and wearing a +0 chain mail (lightly wounded, 87% to hit)
You feel a surge of power!
The blast of sand misses Terence.
Terence hits you with a +2 falchion of protection.
* * * LOW HITPOINT WARNING * * *
Terence hits you with a +2 falchion of protection.
You die...

..#.#...#.#,...#**#..# #.#
#.....###.#....# ##.########.#
###.......#....###..# #......#
....................# #.#....##
..............###...# #.#.....#
#######..####.# #.#.# #.#..#..#
******##.# #.# #.#.###.#..#..#
,,,,,* #.####.###@#.....#..#..#
,,,,,* #....#.#.@.##########..#
,,,,,**####...#...............#
,,,,,,,,,,##..#.#.......#####.#
,,,,,,,,,,*##...........# #.#
,,,,,,,,,,* #>###.......# #.#
,,,,,,,,,,* #.#...###########.#
,,,,,,,,*** #.#...............#
#################.#############
..................#


You could see Terence.

Vanquished Creatures
  4 ball pythons (D:1)
  4 bats
  4 endoplasms
  2 giant cockroaches (D:1)
  A goblin (D:1)
  2 hobgoblins
  4 quokkas
  3 frilled lizards (D:2)
  3 kobolds
  A rat (D:1)
28 creatures vanquished.

Notes
Turn   | Place    | Note
-------+----------+-------------------------------------------
     0 | D:1      | DemonSlayer the Demonspawn Earth Elementalist began the
                  | quest for the Orb.
     0 | D:1      | Reached XP level 1. HP: 13/13 MP: 3/3
   101 | D:1      | Found Xiggutidgh's Book Boutique.
   262 | D:1      | Found Asokkay's Antique Weapon Shoppe.
   296 | D:1      | Reached skill level 3 in Earth Magic
   296 | D:1      | Discovered your monstrous ancestry.
   296 | D:1      | Gained mutation: You have a pair of small antennae on your
                  | head. [demonic ancestry]
   296 | D:1      | Reached XP level 2. HP: 14/19 MP: 0/5
   390 | D:1      | Found Ehebeos's Distillery.
   399 | D:1      | Bought a potion of degeneration for 13 gold pieces
   975 | D:2      | Identified the +2 helmet of Feasih {+Blink Dex+3}
  1062 | D:2      | Noticed Terence
  1361 | D:2      | Reached XP level 3. HP: 23/24 MP: 1/6
  1620 | D:2      | Gained mutation: Your mind is acute. (Int +4, Str/Dex -1)
                  | [potion of mutation]
  1620 | D:2      | Gained mutation: You have large cloven feet. [potion of
                  | mutation]
  1629 | D:2      | Slain by Terence

Illustrated notes

Levels and vault maps discovered:
D:1:      wander_arrival_desolate, layout_rooms, serial_shops, shop,
          shop_statue, nicolae_shop_behind_doors, shop, serial_glass,
          glass_columns_c, glass_columns_a, minmay_close_crescents
D:2:      layout_basic, uniq_terence

Skill      XL: |  1  2 |
---------------+-------+-----
Stealth        | 2 |  2.1
Earth Magic    | 3 |  3.1
Dodging        | 2 |  2.0
Unarmed Combat | |  0.1
Spellcasting   | |  2.5
Transmutations | |  0.8

Action                   || total
-------------------------++-------
Melee: Unarmed           ||    25
       Dagger            ||     3
       Punch             ||     1
 Cast: Sandblast         ||    41
  Use: Scroll            ||     4
       Potion            ||     7
Armor: Robe              ||    16
Dodge: Dodged            ||    49
